AoeStats
← xlalox corona

Migration

504904527Analyzed
1v1 RM · 24d ago on Sep 7, 2026· 31m 51s· 2 players
Game mode
Random Map
Map size
132×132
Population
200
Speed
Normal
Resources
Standard
Victory
Conquest
Starting age
Dark Age
Ending age
Imperial Age
RankedLock teamsTeams togetherTeam positionsShared explorationLock speedFull tech treeHidden civsTurbo modeCheats
Victory
Defeat
🇲🇽 Saracens · Mexico
1718
+16
🇲🇽 Maya · Mexico
1715
-16
xlalox corona
0:26 Loom
10:27 Feudal Age
12:02 Double-Bit Axe
14:18 Fletching
18:04 Castle Age
18:53 Bodkin Arrow
19:11 Medium Warships
25:41 Pikeman
29:32 Scale Mail Armor
VENÓN | Sigfrido
11:48 Feudal Age
12:49 Double-Bit Axe
15:34 Castle Age
13:44 Gold Mining
14:22 Fishing Lines
14:59 Loom
14:59 Town Watch
16:40 Medium Warships
16:48 Bow Saw
17:42 Gillnets
18:34 Scale Barding Armor
18:41 Forging
21:07 Wheelbarrow
21:39 Light Cavalry
22:30 Bloodlines
22:21 Husbandry
22:59 Gold Shaft Mining
22:06 Horse Collar
26:39 Heavy Plow
31:43 Hand Cart
Connection lost

Rejoining the realm…

Still unreachable

The connection could not be restored.

Session expired

The server has moved on; the page needs a fresh start.